 Dungeon Crawl Stone Soup version 0.27-a0-1278-g6cbc8dfb29 (webtiles) character file.

Game seed: 5693058800814857441

7911 deletemesenpai the Cleaver (level 11, -3/99 HPs)
             Began as a Hill Orc Fighter on June 12, 2021.
             Was a Believer of Beogh.
             Slain by a death yak (17 damage)
             ... on level 9 of the Dungeon.
             The game lasted 00:34:48 (10110 turns).

deletemesenpai the Cleaver (Hill Orc Fighter)      Turns: 10110, Time: 00:34:48

Health: -3/99      AC: 17    Str: 23    XL:     11   Next: 22%
Magic:  21/21      EV:  7    Int: 13    God:    Beogh [**....]
Gold:   499        SH: 11    Dex: 10    Spells: 10/10 levels left

rFire    . . .     SeeInvis +   P - +4 hand axe (freeze)
rCold    . . .     Faith    +   c - +0 kite shield
rNeg     . . .     Spirit   .   y - +0 chain mail
rPois    .         Reflect  .   U - +3 hat of Pondering {ponderous, Will+ MP+10 Int+5}
rElec    .         Harm     .   J - +1 cloak
rCorr    .         Rampage  .   a - +0 pair of gloves
Will     +....                  (no boots)
Stlth    ..........             u - amulet of faith
HPRegen  0.26/turn              h - +4 ring of slaying
MPRegen  0.17/turn              q - ring of see invisible

@: slow
A: no striking features
a: Renounce Religion, Smiting


You were on level 9 of the Dungeon.
You worshipped Beogh.
Beogh was pleased with you.
You visited 1 branch of the dungeon, and saw 10 of its levels.

You collected 499 gold pieces.

Inventory:

Hand Weapons
 o - a +0 mace of holy wrath
 w - a +0 mace of protection
 E - a +0 trident of venom
 O - a +3 battleaxe
 P - a +4 hand axe of freezing (weapon)
Missiles
 f - 50 poisoned darts (quivered)
 x - a throwing net
Armour
 a - a +0 pair of gloves (worn)
 c - a +0 kite shield (worn)
 p - a +2 helmet
 s - +0 steam dragon scales
 y - a +0 chain mail (worn)
 J - a +1 cloak (worn)
 S - a scarf of shadows
 U - the +3 hat of Pondering (worn) {ponderous, Will+ MP+10 Int+5}
   (You found it on level 10 of the Dungeon)

   It affects your intelligence (+5).
   It affects your magic capacity (+10).
   It increases your willpower.
Jewellery
 g - a ring of protection from cold
 h - a +4 ring of slaying (left hand)
 q - a ring of see invisible (right hand)
 u - an amulet of faith (around neck)
 K - a +6 ring of intelligence
Wands
 B - a wand of acid (11)
 L - a wand of charming (32)
Scrolls
 e - 2 scrolls of immolation
 j - a scroll of enchant armour {unknown}
 k - a scroll of torment {unknown}
 l - a scroll of fear {unknown}
 m - 2 scrolls of silence
 n - 2 scrolls of vulnerability
 r - 2 scrolls of amnesia
 t - 6 scrolls of teleportation
 v - 3 scrolls of blinking
 A - 2 scrolls of magic mapping
 F - 2 scrolls of enchant weapon
 M - a scroll of summoning {unknown}
 Q - a scroll of holy word {unknown}
 R - a scroll of fog {unknown}
Potions
 d - a potion of lignification {unknown}
 i - a potion of ambrosia {unknown}
 z - 3 potions of mutation
 C - 3 potions of attraction
 D - 2 potions of flight
 G - a potion of haste {unknown}
 H - 3 potions of magic
 I - a potion of might
Miscellaneous
 T - a piece from Xom's chessboard (15/15)


   Skills:
 * Level 9.8 Fighting
 - Level 12.4 Axes
 + Level 5.7 Throwing
 + Level 7.9 Armour
 * Level 9.1 Shields


You had 10 spell levels left.
You didn't know any spells.
Your spell library contained the following spells:

 Spells                   Type           Power      Damage    Failure   Level
 Summon Small Mammal      Summ           0%         N/A       99%         1
 Call Imp                 Summ           0%         N/A       99%         2
 Call Canine Familiar     Summ           0%         N/A       100%        3
 Summon Guardian Golem    Hex/Summ       0%         N/A       100%        3
 Summon Ice Beast         Ice/Summ       0%         N/A       100%        4
 Summon Lightning Spire   Summ/Air       0%         N/A       100%        4


Dungeon Overview and Level Annotations

Branches:
Dungeon (10/15)            Temple (0/1) D:7
   Lair: D:8-11         Orc: D:9-12

Altars:
Ashenzari
Fedhas
Gozag
Makhleb
Okawaru
Ru
Zin

Shops:
D:9 :


Message History

The death yak gores you but does no damage.
There is a stone staircase leading down here.
The death yak gores you.
* * * LOW HITPOINT WARNING * * *
The death yak snorts and paws the ground.
You climb downwards.
There is a stone staircase leading up here.
The death yak closely misses you.
You climb upwards.
You block the death yak's attack. The death yak gores you!
* * * LOW HITPOINT WARNING * * *
There is a stone staircase leading down, spattered with blood here.
You feel better.
The death yak gores you but does no damage.
The death yak barely misses you.
Unknown command.
Unknown command.
The death yak gores you but does no damage.
The death yak gores you!
* * * LOW HITPOINT WARNING * * *
You feel much better.
The death yak gores you but does no damage.
Throw: 52 darts (poison)
Press: ? - help, Q - select action, (/) - cycle Shift-Dir - straight line, f - death yak
Aim: a death yak (82% to hit)
You throw a poisoned dart. The poisoned dart hits the death yak.
The death yak is poisoned.
You block the death yak's attack.
Throw: 51 darts (poison)
Press: ? - help, Q - select action, (/) - cycle Shift-Dir - straight line, f/p - death yak
Aim: a death yak (poisoned, 82% to hit)
You throw a poisoned dart. The poisoned dart hits the death yak.
The death yak looks even sicker.
The death yak gores you!!
* * * LOW HITPOINT WARNING * * *
Okay, then.
The death yak snorts and paws the ground.
The death yak barely misses you.
The death yak looks more healthy.
The death yak gores you!
You die...

#.#.######.##.#
#.#Y# #.##.#
#.#.# #....#
#.#Y#### ######
#.#....#
#.####Y# #.#
#.# #.# #Y# #.#
#@# #.# #.# #.#
#.# #.####.#
#......#
#.####.# #.#
#.# ### ###


You could see 2 death yaks.

Vanquished Creatures
  A death yak (D:10)
  Pikel (D:4)
  A deep elf zephyrmancer (D:7)
  Maurice (D:8)
  Joseph (D:8)
  2 trolls
  Prince Ribbit (D:7)
  A shadow (D:9)
  Eustachio (D:5)
  17 yaks
  A steam dragon (D:8)
  3 water moccasins
  A necrophage (D:7)
  4 centaurs
  2 ogres
  3 lemures
  3 kobold brigands
  3 bullfrogs
  A gnoll sergeant (D:6)
  A water moccasin skeleton (D:3)
  3 wights (D:8)
  3 howler monkeys (D:9)
  5 hounds
  3 jellies
  A bullfrog skeleton (D:4)
  Terence (D:3)
  2 iguanas
  An orc wizard (D:4)
  A scorpion zombie (D:5)
  A killer bee zombie (D:8)
  Robin (D:2)
  A howler monkey zombie (D:6)
  5 gnolls (D:6)
  8 adders
  A river rat (D:3)
  2 white imps
  An ufetubus (D:7)
  A dart slug (D:4)
  11 orcs
  8 ball pythons
  7 bats
  6 endoplasms
  2 giant cockroaches
  15 goblins
  8 hobgoblins
  7 jackals
  22 kobolds
  2 quokkas
  4 frilled lizards
  9 rats
191 creatures vanquished.

Notes
Turn   | Place    | Note
-------+----------+-------------------------------------------
     0 | D:1      | deletemesenpai the Hill Orc Fighter began the quest for the
                  | Orb.
     0 | D:1      | Reached XP level 1. HP: 19/19 MP: 1/1
    72 | D:1      | Reached XP level 2. HP: 20/27 MP: 2/2
  1119 | D:2      | Found a burning altar of Makhleb.
  1170 | D:2      | Reached skill level 3 in Axes
  1170 | D:2      | Reached XP level 3. HP: 16/33 MP: 3/3
  1857 | D:2      | Found a faded altar of an unknown god.
  1948 | D:2      | Noticed Robin
  1959 | D:2      | Reached XP level 4. HP: 18/40 MP: 4/4
  1961 | D:2      | Killed Robin
  1962 | D:2      | Reached skill level 4 in Axes
  2455 | D:3      | Reached XP level 5. HP: 42/47 MP: 5/5
  2851 | D:3      | Reached skill level 5 in Axes
  2859 | D:3      | Noticed Terence
  2867 | D:3      | Killed Terence
  3436 | D:4      | Reached XP level 6. HP: 27/53 MP: 6/6
  3652 | D:4      | Reached skill level 6 in Axes
  4380 | D:5      | Entered Level 5 of the Dungeon
  4398 | D:5      | Noticed Pikel
  4419 | D:4      | Killed Pikel
  4420 | D:4      | Reached skill level 5 in Fighting
  4420 | D:4      | Reached skill level 8 in Axes
  4420 | D:4      | Reached skill level 1 in Throwing
  4420 | D:4      | Reached skill level 5 in Armour
  4420 | D:4      | Reached skill level 5 in Shields
  4420 | D:4      | Reached XP level 7. HP: 56/61 MP: 7/7
  4420 | D:4      | Reached XP level 8. HP: 63/68 MP: 8/8
  4457 | D:5      | Reached skill level 9 in Axes
  5094 | D:5      | Noticed Eustachio
  5118 | D:5      | Killed Eustachio
  5423 | D:6      | Reached skill level 10 in Axes
  5521 | D:6      | Reached XP level 9. HP: 33/75 MP: 9/9
  5992 | D:6      | Found a blossoming altar of Fedhas.
  6000 | D:6      | Found an iron altar of Okawaru.
  6005 | D:6      | Found an opulent altar of Gozag.
  6140 | D:7      | Became a worshipper of Beogh the Brigand
  6445 | D:7      | Noticed a troll
  6450 | D:7      | Killed a troll
  6546 | D:7      | Reached skill level 11 in Axes
  6584 | D:7      | Noticed Prince Ribbit
  6601 | D:7      | Killed Prince Ribbit
  6938 | D:7      | Noticed a deep elf zephyrmancer
  6960 | D:7      | Killed a deep elf zephyrmancer
  7234 | D:7      | Found a staircase to the Ecumenical Temple.
  7824 | D:8      | Noticed Maurice
  7843 | D:8      | Killed Maurice
  7844 | D:8      | Reached skill level 12 in Axes
  7844 | D:8      | Reached XP level 10. HP: 79/86 MP: 10/10
  7905 | D:8      | Noticed Joseph
  7926 | D:8      | Killed Joseph
  8365 | D:8      | Found a broken altar of Ashenzari.
  8506 | D:9      | Reached * piety under Beogh
  8522 | D:9      | Reached skill level 5 in Throwing
  8997 | D:9      | Found a glowing silver altar of Zin.
  9272 | D:9      | Reached XP level 11. HP: 82/97 MP: 11/11
  9279 | D:9      | Reached ** piety under Beogh
  9400 | D:9      | Found Jizudghagg's Book Emporium.
  9488 | D:9      | Found a sacrificial altar of Ru.
  9788 | D:10     | Entered Level 10 of the Dungeon
  9804 | D:10     | Found the +3 hat of Pondering {ponderous, Will+ MP+10
                  | Int+5}
  9972 | D:10     | Noticed a death yak
  9973 | D:10     | Noticed a death yak
  9973 | D:10     | Noticed a death yak
  9974 | D:10     | Noticed a death yak
  9995 | D:10     | Noticed a death yak
 10002 | D:10     | Killed a death yak
 10083 | D:9      | HP: 3/99 [death yak (11)]
 10110 | D:9      | Slain by a death yak

Illustrated notes

Levels and vault maps discovered:
D:1:      dpeg_arrival_ternary, layout_loops_corners, grunt_decor_arrowhead
D:2:      layout_loops_ring, hellmonk_ecumenical_altar_leap_of_faith,
          basic_altar, kennysheep_generic_room_16, uniq_robin
D:3:      minmay_wonky_spiral, layout_basic, portal_sewer_entry_e, uniq_terence
D:4:      layout_basic
D:5:      layout_cave_pools, hangedman_decor_push, uniq_eustachio, uniq_pikel
D:6:      layout_rooms, grunt_temple_overflow_diamond
D:7:      layout_loops_ring, temple_hall, guppyfry_early_elven_hall,
          uniq_prince_ribbit1
D:8:      layout_rooms, marbit_many_paths, uniq_joseph, uniq_maurice
D:9:      layout_basic, kennysheep_mini_moat, nicolae_overflow_crystal_walls,
          serial_shops, nicolae_shop_crystal
D:10:     layout_roguey, dpeg_lair_monsters, orc_0_dummy

Skill      XL: |  1  2  3  4  5  6  7  8  9 10 11 |
---------------+----------------------------------+-----
Fighting       | 4 5 6 7 9 |  9.8
Axes           | 3 4 5 8 10 12 | 12.4
Armour         | 4 5 6 7 |  7.9
Shields        | 4 5 7 8 9 |  9.1
Throwing       | 1 2 4 5 |  5.7

Action                   |  1- 3 |  4- 6 |  7- 9 | 10-12 || total
-------------------------+-------+-------+-------+-------++-------
Melee: War axe           |    66 |   137 |   177 |       ||   380
       Hand axe          |       |       |     7 |   149 ||   156
Throw: Dart              |       |    24 |    55 |    26 ||   105
Invok: Convert to Beogh  |       |       |     1 |       ||     1
  Use: Potion            |     1 |     1 |     2 |     4 ||     8
       Scroll            |       |       |       |    13 ||    13
Armor: Scale mail        |    35 |    68 |     7 |       ||   110
       Chain mail        |       |       |   101 |    60 ||   161
Dodge: Dodged            |    32 |    63 |    52 |    23 ||   170
Block: Kite shield       |    42 |    85 |   110 |    78 ||   315

Table legend: (Time is in decaauts)
 A = Elapsed time spent in this place.
 B = Non-inter-level travel time spent in this place.
 C = Inter-level travel time spent in this place.
 D = Time resting spent in this place.
 E = Time spent auto-exploring this place.
 F = Levels seen in this place.
 G = Mean time per level.
                   A        B        C        D        E       F      G
               +--------+--------+--------+--------+--------+-----+--------+
         Total |  10238 |  10114 |    124 |   1438 |   6057 |  10 | 1023.8 |
       Dungeon |  10238 |  10114 |    124 |   1438 |   6057 |  10 | 1023.8 |
               +--------+--------+--------+--------+--------+-----+--------+

Top non-repeatable levels by time:
     D:9: 1330 daAuts
     D:3: 1321 daAuts
     D:2: 1291 daAuts
     D:7: 1199 daAuts
     D:8: 1153 daAuts
     D:1: 1103 daAuts
     D:5: 1045 daAuts
     D:4: 784 daAuts
     D:6: 719 daAuts
    D:10: 289 daAuts
